 Dungeon Crawl Stone Soup version 0.28.0-43-g3370ac3207 (webtiles) character file.

Game seed: 12978466310472019430

73 croobank the Sneak (level 4, -2/27 HPs)
             Began as an Octopode Fire Elementalist on Mar 5, 2022.
             Slain by an orc wizard
             ... wielding a +0 dagger
              (5 damage)
             ... on level 3 of the Dungeon.
             The game lasted 00:07:00 (3106 turns).

croobank the Sneak (Octopode Fire Elementalist)     Turns: 3106, Time: 00:07:01

Health: -2/27      AC:  1    Str:  7    XL:     4   Next: 27%
Magic:  4/7        EV: 13    Int: 19    God:
Gold:   64         SH:  0    Dex: 12    Spells: 0/7 levels left

rFire   . . .      SeeInvis .   a - +0 whip
rCold   . . .      Faith    .   (no shield)
rNeg    . . .      Spirit   .   (helmet restricted)
rPois   .          Reflect  .   (no amulet)
rElec   .          Harm     .   (no ring)
rCorr   .          Rampage  .   (no ring)
Will    .....                   (no ring)
Stlth   ++........              (no ring)
HPRegen 0.09/turn               (no ring)
MPRegen 0.10/turn               (no ring)
                                (no ring)
                                (no ring)

@: confused
A: almost no armour, amphibious, 8 rings, camouflage 1, gelatinous body 1,
(nimble swimmer 1), tentacles
a: no special abilities


You were on level 3 of the Dungeon.
You visited 1 branch of the dungeon, and saw 3 of its levels.

You collected 64 gold pieces.

Inventory:

Hand Weapons
 a - a +0 whip (weapon)
Missiles
 b - 124 stones
 f - 25 arrows
 g - 21 sling bullets
 j - 15 bolts
 k - 7 poisoned darts
Scrolls
 h - a scroll of magic mapping
Potions
 c - a potion of haste {unknown}
 i - a potion of ambrosia {unknown}


   Skills:
 - Level 2.0 Dodging
 + Level 5.9 Stealth
 + Level 2.1 Spellcasting
 + Level 1.2 Conjurations
 + Level 3.1 Fire Magic


You couldn't memorise any spells.
You knew the following spells:

 Your Spells              Type           Power      Damage    Failure   Level
a - Foxfire               Conj/Fire      40%        2x1d6     7%          1
b - Scorch                Fire           26%        2d6       7%          2
c - Flame Wave            Conj/Fire      10%        2d5       56%         4

Your spell library contained the following spells:

 Spells                   Type           Power      Damage    Failure   Level
 Conjure Flame            Conj/Fire      10%        6-21      21%         3
 Inner Flame              Hex/Fire       7%         N/A       26%         3


Dungeon Overview and Level Annotations

Branches:
Dungeon (3/15)

Altars:


Innate Abilities, Weirdness & Mutations

You cannot wear most types of armour.
You are amphibious.
You can wear up to eight rings at the same time.
Your skin changes colour to match your surroundings (Stealth+).
Your rubbery body absorbs attacks. (AC +1, EV +1)
((You are camouflaged when in or above water. (Stealth+)))
You have tentacles for arms and can constrict up to eight enemies at once.


Message History

* * * LOW HITPOINT WARNING * * *
Okay, then.
You feel better.
The orc throws a boomerang.
The boomerang closely misses you.
Casting: Foxfire (safe; 7% risk of failure)
Confirm with . or Enter, or press ? or * to list all spells.
The spell is potentially lethal to miscast (56% risk of failure)!
Continue anyway?
Casting: Flame Wave (potentially lethal; 56% risk of failure)
Press: ? - help, Dir - look around, f - activate You miscast Flame Wave.
You are very lightly contaminated with residual magic.
Nothing appears to happen.
The orc wizard casts a spell.
The orc wizard flickers and vanishes!
Deactivating autopickup; reactivate with Ctrl-A.
Casting: Flame Wave (potentially lethal; 56% risk of failure)
Confirm with . or Enter, or press ? or * to list all spells.
You don't have enough magic to cast this spell.
The orc wizard gestures wildly while chanting.
The orc wizard flickers and vanishes!
A quokka comes into view.
You are confused.
The orc priest looks satisfied for a moment.
The orc throws a boomerang.
The boomerang hits you but does no damage.
You hear some strange, mumbled words.
You are more confused.
You feel better. Something completely misses you.
The orc priest calls down the wrath of Beogh upon you.
Beogh smites you!
Ouch! That really hurt!
The orc priest looks encouraged for a moment.
You hear some strange, mumbled words.
You are confused.
Your magical contamination has completely faded away.
The quokka bites you.
* * * LOW HITPOINT WARNING * * *
You're too confused to move!
The quokka bites you.
* * * LOW HITPOINT WARNING * * *
Something hits you.
You die...

........# ##...............
........#####...............
............................
............................
#......................
#..ro..................
#..†...................
#...{r..##......>......
#..oo.@.##...##########
##############


You could see an orc priest, 2 orcs and 2 quokkas.

Vanquished Creatures
  2 adders (D:2)
  2 worms
  A dart slug (D:2)
  4 bats
  5 endoplasms
  2 giant cockroaches
  7 hobgoblins
  A quokka (D:3)
  4 ball pythons
  3 frilled lizards
  2 goblins
  8 kobolds
  5 rats
46 creatures vanquished.

Vanquished Creatures (others)
  66 foxfires
  A plant (D:2)
67 creatures vanquished.

Grand Total: 113 creatures vanquished

Notes
Turn   | Place    | Note
-------+----------+-------------------------------------------
     0 | D:1      | croobank the Octopode Fire Elementalist began the quest for
                  | the Orb.
     0 | D:1      | Reached XP level 1. HP: 11/11 MP: 3/3
   276 | D:1      | Reached skill level 3 in Stealth
   283 | D:1      | Reached XP level 2. HP: 17/17 MP: 0/5
   442 | D:1      | Found a faded altar of an unknown god.
   729 | D:1      | Reached skill level 4 in Stealth
  1369 | D:2      | Reached XP level 3. HP: 21/21 MP: 2/6
  1372 | D:2      | Learned a level 2 spell: Scorch
  1541 | D:2      | Reached skill level 5 in Stealth
  2490 | D:2      | Reached XP level 4. HP: 27/27 MP: 4/7
  2829 | D:3      | Learned a level 4 spell: Flame Wave
  3106 | D:3      | Slain by an orc wizard

Illustrated notes

Levels and vault maps discovered:
D:1:      eino_arrival_cavern_c, layout_loops_corners,
          shapermc_ecumenical_altar_notcrosses, minmay_pentomino_q4
D:2:      layout_basic, serial_forest, infiniplex_forest_end_double,
          infiniplex_forest_clump_long, infiniplex_forest_end_3,
          infiniplex_forest_clump_small, infiniplex_forest_lined_room_2,
          infiniplex_forest_lined_corner, infiniplex_forest_end_3,
          infiniplex_forest_lined_room_2, minmay_misc_feat_square,
          grunt_ministairs_11, kennysheep_cluttered_room
D:3:      layout_basic, ashenzari_altar_1, grunt_ministairs_5

Skill      XL: |  1  2  3 |
---------------+----------+-----
Stealth        | 3 4 5 |  5.9
Dodging        | |  2.0
Spellcasting   | |  2.1
Conjurations   | |  1.2
Fire Magic     | |  3.1

Action                   |  1- 3 |  4- 6 || total
-------------------------+-------+-------++-------
Melee: Whip              |    44 |     5 ||    49
       Constrict         |    11 |     1 ||    12
       Tentacles         |     7 |     1 ||     8
 Cast: Foxfire           |    31 |     7 ||    38
       Scorch            |       |     2 ||     2
  Use: Potion            |       |     3 ||     3
       Scroll            |       |     2 ||     2
 Stab: Sleeping          |    12 |     1 ||    13
Armor: Skin              |     3 |     1 ||     4
Dodge: Dodged            |    38 |     6 ||    44
